[Event "Titled Tuesday Blitz May 4 2021"]
[White "Li, Hui"]
[Black "Spata, German"]
[WhiteFideId "15400310"]
[BlackFideId "113026"]
[WhiteElo "1954"]
[BlackElo "2238"]
[Result "1-0"]
[Round "06"]
[TimeControl "180+1"]
[Date "2021.05.04"]
[WhiteClock "0:00:07"]
[BlackClock "0:00:05"]

1. e4 Nf6 2. e5 Nd5 3. d4 d6 4. Nf3 dxe5 5. Nxe5 c6 6. Bd3 g6 7. O-O Bg7 8. Re1 O-O 9. h3 Nd7 10. Nxd7 Bxd7 11. c3 Re8 12. Nd2 Qc7 13. Nf3 b5 14. Bg5 Bf6 15. Qd2 a5 16. a3 a4 17. Bxf6 exf6 18. Rxe8+ Rxe8 19. Re1 Rxe1+ 20. Qxe1 Kg7 21. Bf1 Qf4 22. Qd2 Qd6 23. g3 Nb6 24. Qe3 Be6 25. h4 h5 26. Nd2 Bf5 27. Ne4 Bxe4 28. Qxe4 f5 29. Qe3 Nd5 30. Qe8 f4 31. Kh2 fxg3+ 32. fxg3 Nf6 33. Qe1 Ng4+ 34. Kg1 Qf6 35. Bh3 Nh6 36. Qe5 Qxe5 37. dxe5 Nf5 38. Bxf5 gxf5 39. Kf2 Kf8 40. Ke3 Ke7 41. Kf4 Ke6 42. Kg5 Kxe5 43. Kxh5 f4 44. gxf4+ Kxf4 45. Kh6 Kg4 46. Kg7 Kxh4 47. Kxf7 Kg4 48. Ke6 Kf4 49. Kd6 1-0


[Site "https://www.chess.com"]

[Event "Titled Tuesday Blitz May 4 2021"]
[White "Ljukin, Sergei"]
[Black "Chyzy, Jakub"]
[WhiteFideId "14102200"]
[BlackFideId "21806209"]
[WhiteElo "2287"]
[BlackElo "2013"]
[Result "1-0"]
[Round "06"]
[TimeControl "180+1"]
[Date "2021.05.04"]
[WhiteClock "0:00:50"]
[BlackClock "0:00:05"]

1. e4 Nf6 2. e5 Nd5 3. c4 Nb6 4. d4 d6 5. f4 dxe5 6. fxe5 Nc6 7. Be3 Bf5 8. Nc3 e6 9. Nf3 Qd7 10. Be2 O-O-O 11. O-O f6 12. Qe1 fxe5 13. dxe5 Bb4 14. Rd1 Qe7 15. Qf2 h6 16. Nb5 a6 17. Nxc7 Rxd1 18. Rxd1 Nd7 19. Nxa6 bxa6 20. a3 Bc5 21. b4 Bxe3 22. Qxe3 Rd8 23. c5 Kb7 24. Rd6 Ndb8 25. Nd4 Nxd4 26. Qxd4 Rxd6 27. cxd6 Qd7 28. Bf3+ Kc8 29. Qb6 Qb5 30. Qc7# 1-0


[Site "https://www.chess.com"]

[Event "Titled Tuesday Blitz May 4 2021"]
[White "Lonoff, Marc"]
[Black "Khnykin, Nikolay"]
[WhiteFideId "2001349"]
[BlackFideId "4188853"]
[WhiteElo "2197"]
[BlackElo "2280"]
[Result "0-1"]
[Round "06"]
[TimeControl "180+1"]
[Date "2021.05.04"]
[WhiteClock "0:01:19"]
[BlackClock "0:02:20"]

1. c4 e6 2. Nc3 d5 3. cxd5 exd5 4. d4 Nf6 5. g3 Bb4 6. Bg2 O-O 7. Nf3 Nc6 8. O-O Bf5 9. Qb3 Re8 10. Re1 a5 11. Bg5 Bg4 12. e3 Bxc3 13. bxc3 a4 14. Qxb7 Na5 15. Bxf6 Qxf6 16. Qxc7 Bxf3 0-1


[Site "https://www.chess.com"]

[Event "Titled Tuesday Blitz May 4 2021"]
[White "Luberanski, Jakub"]
[Black "Kiseljova, Marya"]
[WhiteFideId "21830509"]
[BlackFideId "4155009"]
[WhiteElo "2078"]
[BlackElo "1797"]
[Result "1-0"]
[Round "06"]
[TimeControl "180+1"]
[Date "2021.05.04"]
[WhiteClock "0:00:51"]
[BlackClock "0:00:16"]

1. e4 c5 2. Nf3 Nc6 3. g3 g6 4. Bg2 Bg7 5. O-O e6 6. d3 Nge7 7. c3 O-O 8. d4 cxd4 9. cxd4 d5 10. e5 Nf5 11. Nc3 Bd7 12. Be3 Rc8 13. Rc1 Qa5 14. Qd2 Nce7 15. Bg5 Bb5 16. Nxb5 Qxb5 17. g4 h6 18. Bf6 Nc6 19. gxf5 exf5 20. Bxg7 Kxg7 21. Rc5 Qa4 22. b3 Qa6 23. Rxd5 Qb6 24. Rd6 Qb5 25. Rc1 Rfd8 26. Bf1 Qb6 27. d5 Rxd6 28. exd6 Nd4 29. Qxd4+ Qxd4 30. Nxd4 Rxc1 31. d7 f4 32. d8=Q f3 33. Nxf3 Rd1 34. d6 1-0


[Site "https://www.chess.com"]

[Event "Titled Tuesday Blitz May 4 2021"]
[White "Lysenko, Volodymyr"]
[Black "Daniel, Damian"]
[WhiteFideId "14175770"]
[BlackFideId "1183621"]
[WhiteElo "1957"]
[BlackElo "2055"]
[Result "0-1"]
[Round "06"]
[TimeControl "180+1"]
[Date "2021.05.04"]
[WhiteClock "0:00:19"]
[BlackClock "0:00:07"]

1. d4 Nf6 2. c4 e6 3. Nc3 Bb4 4. Qc2 b6 5. a3 Bxc3+ 6. Qxc3 Bb7 7. Bg5 h6 8. Bh4 c5 9. e3 g5 10. Bg3 Ne4 11. Qc2 d6 12. Ne2 f5 13. Nc3 Nxg3 14. hxg3 Qf6 15. f3 a6 16. O-O-O Nd7 17. d5 O-O-O 18. f4 e5 19. Bd3 e4 20. Be2 Rdg8 21. Rdg1 gxf4 22. gxf4 Rg3 23. Qd2 Rhg8 24. Bd1 Kb8 25. Rh2 b5 26. cxb5 c4 27. Rgh1 Nc5 28. Rxh6 Qd8 29. R1h2 Qb6 30. R6h3 Rxh3 31. gxh3 axb5 32. Na2 Rg1 33. Qd4 Nb3+ 34. Kc2 Nxd4+ 35. exd4 Qxd4 36. Nc3 Qd3+ 37. Kc1 e3 38. Rd2 Qxd2+ 0-1


[Site "https://www.chess.com"]

[Event "Titled Tuesday Blitz May 4 2021"]
[White "Manolache, Marius"]
[Black "Meneses Gonzalez, Kevin Moises"]
[WhiteFideId "1201530"]
[BlackFideId "2284502"]
[WhiteElo "2391"]
[BlackElo "2301"]
[Result "1-0"]
[Round "06"]
[TimeControl "180+1"]
[Date "2021.05.04"]
[WhiteClock "0:01:29"]
[BlackClock "0:00:20"]

1. d4 Nf6 2. Bg5 Ne4 3. Bf4 c5 4. d5 d6 5. f3 Qa5+ 6. c3 Nf6 7. e4 Qb6 8. Nd2 g6 9. Nc4 Qc7 10. a4 Bg7 11. Qd2 O-O 12. Bh6 Nbd7 13. Bxg7 Kxg7 14. h4 h5 15. Nh3 Nb6 16. Ng5 Nxc4 17. Bxc4 Rb8 18. O-O Bd7 19. Rfe1 b5 20. axb5 Bxb5 21. Bxb5 Rxb5 22. Re2 Rfb8 23. Ra2 Qb6 24. Kh2 a5 25. Qf4 Qc7 26. g4 hxg4 27. fxg4 Rh8 28. Kg2 Rxh4 29. Kg3 Rxg4+ 30. Qxg4 Nxg4 31. Kxg4 Qd7+ 32. Kf4 Rb8 33. Rh2 Kf6 34. Rh7 Rf8 35. b3 Qc7 36. Rf2 c4 37. e5+ dxe5+ 38. Kg4# 1-0


[Site "https://www.chess.com"]

[Event "Titled Tuesday Blitz May 4 2021"]
[White "Manukian, Artak"]
[Black "Maiorov, Nikita"]
[WhiteFideId "13301373"]
[BlackFideId "13501720"]
[WhiteElo "2477"]
[BlackElo "2440"]
[Result "1/2-1/2"]
[Round "06"]
[TimeControl "180+1"]
[Date "2021.05.04"]
[WhiteClock "0:00:27"]
[BlackClock "0:00:51"]

1. e4 e5 2. Nf3 Nc6 3. d4 exd4 4. Nxd4 Bc5 5. Nxc6 Qf6 6. Qf3 bxc6 7. Bc4 Qxf3 8. gxf3 d6 9. Nc3 Ne7 10. h4 Ng6 11. Be2 f5 12. h5 Ne5 13. f4 Nf7 14. Be3 Bb4 15. f3 Bxc3+ 16. bxc3 O-O 17. O-O-O Re8 18. Bd3 Kf8 19. Rde1 c5 20. exf5 h6 21. Bd2 Bd7 22. Rxe8+ Rxe8 23. Re1 Nd8 24. Rg1 Bc6 25. f6 gxf6 26. Rg6 Nf7 27. Rxf6 Bxf3 28. Bg6 Re7 29. f5 Kg8 30. c4 Bg4 31. Rxf7 Rxf7 32. Bxf7+ Kxf7 33. Ba5 Be2 34. Bxc7 Bxc4 35. Bxd6 Bxa2 36. Bxc5 a6 37. Be3 Kg7 38. f6+ Kxf6 39. Bxh6 Bf7 40. Bd2 Bxh5 41. Kb2 Bf7 42. Bb4 Be6 43. Ka3 Bc4 44. Ka4 Bb5+ 45. Ka5 Ke6 46. Kb6 Kd5 47. c3 Kc4 48. Ka5 Kd3 49. Kb6 Kc4 50. Ka5 Kd3 51. Kb6 Kc4 1/2-1/2


[Site "https://www.chess.com"]

[Event "Titled Tuesday Blitz May 4 2021"]
[White "Manukyan, Artyom"]
[Black "Janaszak, Dawid"]
[WhiteFideId "13305786"]
[BlackFideId "1119206"]
[WhiteElo "2034"]
[BlackElo "2332"]
[Result "0-1"]
[Round "06"]
[TimeControl "180+1"]
[Date "2021.05.04"]
[WhiteClock "0:00:04"]
[BlackClock "0:00:08"]

1. e4 c5 2. Nc3 Nc6 3. Bb5 Nd4 4. Nf3 e6 5. O-O a6 6. Bd3 Nc6 7. b3 Nge7 8. Bb2 Ng6 9. Re1 Be7 10. e5 O-O 11. Ne4 d5 12. exd6 Bxd6 13. Nxd6 Qxd6 14. Qe2 b5 15. Ng5 e5 16. Qh5 h6 17. Ne4 Qe7 18. g3 Nb4 19. Rac1 Bb7 20. Bf1 Nxa2 21. Ra1 Nb4 22. Rac1 Rad8 23. d3 Nc6 24. Bg2 Nd4 25. Ba3 b4 26. Bb2 Rc8 27. h4 Qe6 28. Kh2 Ba8 29. Bh3 f5 30. Nd2 Qd5 31. Qxg6 Rf6 32. Qh5 Rcf8 33. Bxd4 cxd4 34. Qe2 a5 35. Qxe5 Qd8 36. Nc4 f4 37. g4 a4 38. Qe7 Qb8 39. bxa4 f3+ 40. Kg1 Qf4 41. Qe4 Bxe4 42. dxe4 d3 43. cxd3 b3 44. Ne3 Qb8 45. Rb1 b2 46. Red1 Rf4 47. Rd2 Qb4 48. Rdxb2 Qxa4 49. Rb7 Qa6 50. R1b3 Qa1+ 51. Rb1 Qa8 52. R7b3 Qd8 53. Nd5 Qxh4 54. Nxf4 Rxf4 55. Rb8+ Kh7 56. Kh2 Qxf2+ 57. Kh1 Qg3 0-1


[Site "https://www.chess.com"]

[Event "Titled Tuesday Blitz May 4 2021"]
[White "Marcinczyk, Monika"]
[Black "Hernandez Jimenez, Alexander Andres"]
[WhiteFideId "1192051"]
[BlackFideId "3900452"]
[WhiteElo "1640"]
[BlackElo "2151"]
[Result "0-1"]
[Round "06"]
[TimeControl "180+1"]
[Date "2021.05.04"]
[WhiteClock "0:00:01"]
[BlackClock "0:00:12"]

1. e4 c5 2. Nf3 d6 3. d4 cxd4 4. Nxd4 Nf6 5. Nc3 a6 6. Be2 e5 7. Nb3 Be6 8. Be3 Nbd7 9. O-O Be7 10. Qd2 Rc8 11. a4 Qc7 12. a5 O-O 13. Rfd1 Qb8 14. Bf3 Ng4 15. Nd5 Bxd5 16. Bxg4 Be6 17. h3 Qc7 18. Bxe6 fxe6 19. c3 Nf6 20. f3 d5 21. Bb6 Qc6 22. exd5 exd5 23. Qe3 Rfe8 24. Kh1 Bd6 25. Rd2 Qc4 26. Nc1 e4 27. f4 Nh5 28. Ne2 Rf8 29. Rf1 Rf7 30. g3 Rcf8 31. Kg2 Nf6 32. Nd4 Nd7 33. Ne6 Re8 34. Ng5 Rfe7 35. h4 Nxb6 36. axb6 Bc5 0-1


[Site "https://www.chess.com"]

[Event "Titled Tuesday Blitz May 4 2021"]
[White "Martin, Lewis"]
[Black "Ranindu2003"]
[WhiteFideId "410551"]
[WhiteElo "2145"]
[BlackElo "2574"]
[Result "1/2-1/2"]
[Round "06"]
[TimeControl "180+1"]
[Date "2021.05.04"]
[WhiteClock "0:00:12"]
[BlackClock "0:00:03"]

1. e4 e6 2. d4 d5 3. Nd2 c5 4. exd5 Qxd5 5. dxc5 Bxc5 6. Ngf3 Nf6 7. Bd3 O-O 8. O-O Nc6 9. Nb3 Bd6 10. Qe2 Qh5 11. h3 e5 12. Nh2 Qh4 13. Nf3 Qh5 14. Nfd2 Bg4 15. f3 Bxh3 16. gxh3 Nd5 17. Ne4 Bc7 18. Qg2 f5 19. Ng3 Qg6 20. Nxf5 Rxf5 21. Qxg6 hxg6 22. Bxf5 gxf5 23. Rd1 Nf6 24. Bg5 Bb6+ 25. Kg2 Nb4 26. c3 Nbd5 27. c4 Ne3+ 28. Bxe3 Bxe3 29. Rd3 f4 30. Rad1 Kh7 31. Rd8 Rxd8 32. Rxd8 e4 33. fxe4 Nxe4 34. Nd4 Nd2 35. b3 Ne4 36. Nf5 Bc1 37. Rd7 Kg6 38. Nxg7 Ng5 39. h4 Nf7 40. Ne6 Be3 41. Rxb7 Ne5 42. Kf1 f3 43. Ng5 Kf5 44. Nxf3 Nxf3 45. Rxa7 Bxa7 46. h5 Ng5 47. Ke2 Kg4 48. b4 Kxh5 49. c5 Ne6 50. Kd3 Kg6 51. Kc4 Kf6 52. Kd5 Ke7 53. a4 Kd7 54. c6+ Ke7 55. a5 Nc7+ 56. Kc4 Kd6 57. b5 Bf2 58. b6 Na6 59. Kb5 Nc5 60. c7 Kd7 61. a6 Nxa6 62. Kxa6 Bxb6 63. Kxb6 Kc8 64. Kc6 1/2-1/2


[Site "https://www.chess.com"]

[Event "Titled Tuesday Blitz May 4 2021"]
[White "Martinez Alcantara, Jose Eduardo"]
[Black "Tisaj, Domen"]
[WhiteFideId "3805662"]
[BlackFideId "14628708"]
[WhiteElo "2690"]
[BlackElo "2243"]
[Result "1-0"]
[Round "06"]
[TimeControl "180+1"]
[Date "2021.05.04"]
[WhiteClock "0:03:02"]
[BlackClock "0:02:00"]

1. e4 e5 2. Nf3 Nf6 3. Nxe5 d6 4. Nf3 Nxe4 5. d4 d5 6. Bd3 Bd6 7. O-O O-O 8. c4 c6 9. Qb3 dxc4 10. Qxc4 Nd7 11. Bxe4 1-0


[Site "https://www.chess.com"]

[Event "Titled Tuesday Blitz May 4 2021"]
[White "Martirosyan, Haik M."]
[Black "Dobrov, Vladimir"]
[WhiteFideId "13306553"]
[BlackFideId "4136594"]
[WhiteElo "2597"]
[BlackElo "2614"]
[Result "1/2-1/2"]
[Round "06"]
[TimeControl "180+1"]
[Date "2021.05.04"]
[WhiteClock "0:00:10"]
[BlackClock "0:00:11"]

1. c4 f5 2. Nc3 Nf6 3. g3 g6 4. Bg2 Bg7 5. Nf3 O-O 6. O-O d6 7. d4 c6 8. b3 Qa5 9. Bd2 Qc7 10. d5 e5 11. dxe6 Bxe6 12. Bf4 Rd8 13. Ng5 Qe7 14. e4 Nh5 15. Nxe6 Qxe6 16. exf5 Qxf5 17. Bd2 Nf6 18. b4 Na6 19. Qb3 Kh8 20. Rad1 Ng4 21. h3 Ne5 22. f4 Nd3 23. Ne4 Nb2 24. g4 Qf8 25. Rb1 Nxc4 26. Qxc4 d5 27. Qe2 dxe4 28. f5 gxf5 29. Rxf5 Qe8 30. Bg5 Rd4 31. b5 Nc7 32. bxc6 Qxc6 33. Rf7 Ne6 34. Be3 Rd7 35. Rxd7 Qxd7 36. Bxe4 Re8 37. Rxb7 Qd6 38. Qf2 a5 39. Rb5 Nd4 40. Rd5 Ne2+ 41. Qxe2 Qg3+ 42. Bg2 Rxe3 43. Rd8+ Bf8 44. Rxf8+ Kg7 45. Rf3 Rxe2 46. Rxg3 Rxa2 47. Rb3 a4 48. Rb6 a3 49. Ra6 h5 50. gxh5 Ra1+ 51. Kh2 a2 52. h6+ Kh8 53. Bd5 Rd1 54. Bxa2 Rd2+ 55. Kg3 Rd7 56. Bb1 Rd8 57. h7 Rb8 58. Bf5 Rd8 59. Kf4 Rf8 60. Kg5 Re8 61. h4 Rf8 62. h5 Rd8 63. Rf6 Re8 64. Be6 Rd8 65. Bf7 Rf8 66. Kg4 Rxf7 67. Ra6 Rg7+ 68. Kf5 Kxh7 69. h6 Rg8 70. Rc6 Rg1 71. Rc7+ Kxh6 72. Rc8 Kh7 73. Kf6 Rf1+ 74. Kg5 Rg1+ 75. Kf4 Rf1+ 76. Ke3 Rf7 77. Rc4 Re7+ 78. Re4 Rg7 79. Rh4+ Kg8 80. Ra4 Rf7 81. Ke4 Kg7 82. Ke5 Re7+ 83. Kf5 Rf7+ 84. Ke6 Rf6+ 85. Ke5 Rf7 86. Rg4+ Kf8 87. Kd6 Rf6+ 88. Kd7 Kf7 89. Re4 Rf1 1/2-1/2


[Site "https://www.chess.com"]

[Event "Titled Tuesday Blitz May 4 2021"]
[White "Matinian, Nikita"]
[Black "Dimic, Pavle"]
[WhiteFideId "24129100"]
[BlackFideId "937428"]
[WhiteElo "2410"]
[BlackElo "2216"]
[Result "1-0"]
[Round "06"]
[TimeControl "180+1"]
[Date "2021.05.04"]
[WhiteClock "0:00:39"]
[BlackClock "0:00:15"]

1. e4 c5 2. Nc3 Nc6 3. Bb5 Nd4 4. Nf3 Nxb5 5. Nxb5 a6 6. Nc3 e6 7. O-O b5 8. d4 cxd4 9. Qxd4 d6 10. Bg5 Qc7 11. Rad1 Bb7 12. Rfe1 h6 13. Bh4 Rc8 14. Bg3 e5 15. Nxe5 dxe5 16. Bxe5 Bc5 17. Nd5 Bxd5 18. Qxd5 Qe7 19. Bxg7 Rh7 20. Bc3 h5 21. e5 Qe6 22. Qb7 h4 23. Rd6 Qf5 24. e6 Ne7 25. Qd7+ Kf8 26. Qd8+ Rxd8 27. Rxd8# 1-0


[Site "https://www.chess.com"]

[Event "Titled Tuesday Blitz May 4 2021"]
[White "Matthiesen, Martin"]
[Black "Chabris, Christopher"]
[WhiteFideId "1404067"]
[BlackFideId "2005263"]
[WhiteElo "2337"]
[BlackElo "2280"]
[Result "1-0"]
[Round "06"]
[TimeControl "180+1"]
[Date "2021.05.04"]
[WhiteClock "0:00:13"]
[BlackClock "0:00:04"]

1. d4 d5 2. c4 c6 3. Nc3 Nf6 4. e3 e6 5. Nf3 Nbd7 6. Be2 dxc4 7. a4 Bb4 8. Nd2 e5 9. Nxc4 exd4 10. Qxd4 O-O 11. O-O Qe7 12. Rd1 Bc5 13. Qh4 Re8 14. b3 Nf8 15. Ba3 Ng6 16. Bxc5 Qxc5 17. Qd4 Qg5 18. Nd6 Bh3 19. g3 Rad8 20. f4 Qh6 21. Nxe8 Rxd4 22. Nxf6+ gxf6 23. Rxd4 Be6 24. b4 Qh3 25. Bf3 Nh4 26. Bh1 Nf5 27. Rd3 Nxg3 28. hxg3 Qxg3+ 29. Bg2 h5 30. Ne4 Qg6 31. Kf2 Bd5 32. Rg1 1-0


[Site "https://www.chess.com"]

[Event "Titled Tuesday Blitz May 4 2021"]
[White "Mayeregger, Arnold"]
[Black "Gabriel, Robert"]
[WhiteFideId "3705226"]
[BlackFideId "4606477"]
[WhiteElo "1567"]
[BlackElo "2203"]
[Result "1-0"]
[Round "06"]
[TimeControl "180+1"]
[Date "2021.05.04"]
[WhiteClock "0:02:07"]
[BlackClock "0:00:01"]

1. e4 c5 2. d4 cxd4 3. c3 g6 4. Nf3 Nc6 5. Bc4 dxc3 6. Nxc3 Bg7 7. O-O Nf6 8. Qe2 O-O 9. Rd1 d6 10. e5 Ng4 11. exd6 exd6 12. Bg5 Qa5 13. Rd5 Qb6 14. Rxd6 Nge5 15. Nxe5 Bxe5 16. Rxc6 Qxc6 17. Qxe5 Qxc4 18. Nd5 f6 19. Bxf6 Rxf6 20. Nxf6+ Kf7 21. Ne4 Qa6 22. Nd6+ 1-0


[Site "https://www.chess.com"]

[Event "Titled Tuesday Blitz May 4 2021"]
[White "Mchedlishvili, Mikheil"]
[Black "De Silva, L M S T"]
[WhiteFideId "13600966"]
[BlackFideId "9953698"]
[WhiteElo "2618"]
[BlackElo "1621"]
[Result "0-1"]
[Round "06"]
[TimeControl "180+1"]
[Date "2021.05.04"]
[WhiteClock "0:00:02"]
[BlackClock "0:00:05"]

1. d4 Nf6 2. c4 e6 3. g3 g6 4. Bg2 Bg7 5. Nf3 b6 6. Ne5 c6 7. Nc3 O-O 8. O-O Bb7 9. c5 Na6 10. Nd3 d6 11. cxd6 Qxd6 12. e3 Rad8 13. b3 Qb8 14. Qe2 c5 15. Bxb7 Qxb7 16. Ba3 Rfe8 17. dxc5 bxc5 18. Rac1 h5 19. h4 Ng4 20. Rfd1 Rxd3 21. Qxd3 Bxc3 22. Qxc3 Qf3 23. Rd2 Kh7 24. Qd3 Ne5 25. Qxa6 Qe4 26. Rdc2 Nf3+ 27. Kf1 Nh2+ 28. Ke1 Rd8 29. f3 Nxf3+ 30. Ke2 Ne5 31. Bxc5 Qg4+ 32. Kf2 Qf3+ 33. Ke1 Qxg3+ 34. Rf2 Nd3+ 35. Qxd3 Rxd3 36. Bd4 Rxd4 37. exd4 Qe3+ 0-1


[Site "https://www.chess.com"]

[Event "Titled Tuesday Blitz May 4 2021"]
[White "Mikhalevski, Victor"]
[Black "Karttunen, Mika"]
[WhiteFideId "2801914"]
[BlackFideId "502081"]
[WhiteElo "2567"]
[BlackElo "2343"]
[Result "1-0"]
[Round "06"]
[TimeControl "180+1"]
[Date "2021.05.04"]
[WhiteClock "0:00:23"]
[BlackClock "0:00:06"]

1. d4 Nf6 2. c4 e6 3. g3 c5 4. d5 exd5 5. cxd5 d6 6. Nc3 g6 7. Bg2 Bg7 8. Nf3 O-O 9. O-O a5 10. a4 Na6 11. Bf4 Nc7 12. e4 Nh5 13. Bg5 f6 14. Be3 f5 15. exf5 Bxf5 16. Ng5 Qd7 17. Re1 h6 18. Nge4 Nf6 19. Nxf6+ Rxf6 20. Qd2 g5 21. f4 g4 22. Bf2 Rf7 23. Bf1 Re8 24. Rxe8+ Qxe8 25. Nb5 Nxb5 26. Bxb5 Qd8 27. Bd3 Bxd3 28. Qxd3 Qf6 29. Rb1 Re7 30. b3 Qc3 31. Qd1 h5 32. Rc1 Qb2 33. Kf1 b6 34. Qc2 Qa3 35. Rd1 Qb4 36. Qc4 Qa3 37. Qd3 Qb2 38. Rd2 Qc1+ 39. Kg2 Qa1 40. Re2 Rxe2 41. Qxe2 Qf6 42. Qe8+ Bf8 43. Qxh5 Qg7 44. Qf5 Be7 45. Qe6+ Kf8 46. Qd7 Qb2 47. Qxg4 Qxb3 48. Qf5+ Ke8 49. g4 c4 50. g5 c3 51. g6 c2 52. g7 Kd8 53. g8=Q+ 1-0


[Site "https://www.chess.com"]

[Event "Titled Tuesday Blitz May 4 2021"]
[White "Mirzoev, Azer"]
[Black "Bolanos, Fernando"]
[WhiteFideId "13400304"]
[BlackFideId "3304094"]
[WhiteElo "2525"]
[BlackElo "1998"]
[Result "1-0"]
[Round "06"]
[TimeControl "180+1"]
[Date "2021.05.04"]
[WhiteClock "0:01:44"]
[BlackClock "0:00:48"]

1. d4 Nf6 2. c4 g6 3. Nc3 d5 4. Nf3 Bg7 5. Qa4+ Bd7 6. Qb3 dxc4 7. Qxc4 O-O 8. Bf4 Na6 9. e4 c5 10. d5 b6 11. Qxa6 e6 12. Be2 exd5 13. exd5 Re8 14. O-O Bc8 15. Qc4 a5 16. Qa4 Bd7 17. Bb5 Bxb5 18. Qxb5 Nxd5 19. Nxd5 Qxd5 20. h3 g5 21. Bxg5 Re7 22. Bxe7 1-0


[Site "https://www.chess.com"]

[Event "Titled Tuesday Blitz May 4 2021"]
[White "Mohandesi, Shahin"]
[Black "Mezentsev, Ivan"]
[WhiteFideId "12501247"]
[BlackFideId "13706195"]
[WhiteElo "1993"]
[BlackElo "2295"]
[Result "0-1"]
[Round "06"]
[TimeControl "180+1"]
[Date "2021.05.04"]
[WhiteClock "0:00:01"]
[BlackClock "0:00:05"]

1. d4 Nf6 2. Bf4 c5 3. c3 Qb6 4. Qc2 d6 5. e3 g6 6. Nd2 Bg7 7. Ngf3 Bf5 8. Qb3 Be6 9. Bc4 Bxc4 10. Nxc4 Qa6 11. a4 O-O 12. O-O Rc8 13. Rfc1 Ne4 14. Qb5 Nc6 15. h3 d5 16. Ncd2 Nxd2 17. Nxd2 Qb6 18. dxc5 Qd8 19. Nf3 e5 20. Bg3 Qd7 21. Rd1 Rd8 22. e4 d4 23. Rd2 a6 24. Qc4 Rac8 25. Rad1 Na5 26. Qb4 Nc6 27. Qb6 Qe7 28. cxd4 exd4 29. Bd6 Qxe4 30. Re1 Qd5 31. b4 a5 32. b5 Nb4 33. Red1 d3 34. Ne1 Bc3 35. Rxd3 Nxd3 36. Rxd3 Qc4 37. Re3 Bxe1 38. Rxe1 Re8 39. Rd1 Qb3 40. Ra1 Qb2 41. Rf1 Qb4 42. Qxb7 Qxa4 43. b6 Qb5 44. Qa7 Ra8 45. Qb7 a4 46. Qc7 a3 47. b7 Rab8 48. Qxb8 Rxb8 49. Bxb8 Qxb7 50. Bd6 a2 51. Be5 Qd5 52. Bf6 Qxc5 53. Rd1 Qc7 54. Rf1 Qb6 55. Ba1 f5 56. Be5 Qb3 57. Ba1 Kf7 58. Be5 Ke6 59. Ba1 Kd5 60. Bh8 Kc4 61. Ba1 Qc2 62. Bh8 Kd3 63. Ba1 Ke2 64. Bh8 Qb1 65. Bb2 Qxf1+ 0-1


[Site "https://www.chess.com"]

[Event "Titled Tuesday Blitz May 4 2021"]
[White "Moore, Nicholas"]
[Black "Ozkan, Ervin"]
[WhiteFideId "4303709"]
[BlackFideId "6306004"]
[WhiteElo "2367"]
[BlackElo "2226"]
[Result "0-1"]
[Round "06"]
[TimeControl "180+1"]
[Date "2021.05.04"]
[WhiteClock "0:00:38"]
[BlackClock "0:01:27"]

1. d4 d5 2. c4 c6 3. Nf3 Nf6 4. e3 Bg4 5. cxd5 cxd5 6. h3 Bxf3 7. Qxf3 e6 8. Nc3 Nc6 9. Bd3 Bd6 10. O-O O-O 11. a3 Rc8 12. Qd1 Na5 13. f4 Qb6 14. Na4 Qb3 15. Bd2 Qxd3 16. Bxa5 Qxe3+ 17. Kh1 Ne4 18. Qf3 Ng3+ 19. Kh2 Nxf1+ 20. Rxf1 Qxf3 21. Rxf3 Rc4 22. Nc5 b6 23. Nb7 Bc7 24. Bb4 Rxb4 25. axb4 Rb8 26. Nc5 bxc5 27. bxc5 Rxb2 28. Kg3 g5 29. Ra3 gxf4+ 30. Kf3 a5 31. h4 Rb4 32. h5 Kg7 33. Kg4 Rxd4 34. Rb3 Rb4 35. Rc3 a4 36. Rd3 Rb3 37. Rd4 Rg3+ 38. Kh4 Bd8# 0-1


[Site "https://www.chess.com"]

[Event "Titled Tuesday Blitz May 4 2021"]
[White "Mortazavi, Ali"]
[Black "Rytenko, Vsevolod"]
[WhiteFideId "401323"]
[BlackFideId "14133040"]
[WhiteElo "2339"]
[BlackElo "2228"]
[Result "1-0"]
[Round "06"]
[TimeControl "180+1"]
[Date "2021.05.04"]
[WhiteClock "0:00:17"]
[BlackClock "0:00:03"]

1. Nf3 d5 2. g3 c5 3. Bg2 e6 4. O-O Nf6 5. d3 Be7 6. Nbd2 O-O 7. e4 dxe4 8. dxe4 Nc6 9. e5 Nd7 10. Re1 Qc7 11. Qe2 b6 12. c3 Bb7 13. a4 Rfd8 14. Nc4 Nf8 15. Bg5 Ba6 16. Qe4 Bxc4 17. Qxc4 Rac8 18. Qe4 h6 19. Bxe7 Nxe7 20. Bf1 Rd7 21. Bb5 Rd5 22. Bc4 Rd7 23. h4 Rcd8 24. h5 g6 25. hxg6 Nfxg6 26. Kg2 Kg7 27. Rh1 Nf5 28. Rae1 Qb7 29. Qxb7 Rxb7 30. Bb5 Rbb8 31. Rd1 Ra8 32. Bc6 Rac8 33. Be4 Nfe7 34. Rd6 Rxd6 35. exd6 Ng8 36. Rd1 Rd8 37. Bxg6 Kxg6 38. Ne5+ Kf6 39. f4 h5 40. Kf3 Kg7 41. Nc6 Rd7 42. Nb8 Rd8 43. Nc6 Rd7 44. Nxa7 Nf6 45. Nc8 Ne8 46. Nxb6 Rxd6 47. Rxd6 Nxd6 48. a5 Nb5 49. a6 Kf6 50. Nc8 Nc7 51. Nb6 Na8 52. Nxa8 1-0


[Site "https://www.chess.com"]

[Event "Titled Tuesday Blitz May 4 2021"]
[White "Myers, Dominique"]
[Black "San, Thit Lwin"]
[WhiteFideId "2041715"]
[BlackFideId "13001272"]
[WhiteElo "1986"]
[BlackElo "2232"]
[Result "0-1"]
[Round "06"]
[TimeControl "180+1"]
[Date "2021.05.04"]
[WhiteClock "0:00:07"]
[BlackClock "0:00:18"]

1. e4 Nf6 2. e5 Nd5 3. c4 Nb6 4. d4 d6 5. f4 dxe5 6. fxe5 Nc6 7. Be3 Bf5 8. Be2 e6 9. Nf3 Be7 10. O-O f6 11. exf6 Bxf6 12. Nc3 O-O 13. Qd2 Qd7 14. Rad1 Rad8 15. b3 h6 16. Qc1 Qc8 17. a3 Kh8 18. h3 a6 19. b4 Bh7 20. Rfe1 Ne7 21. Bf2 Nf5 22. Bf1 Bg8 23. Ne4 Be7 24. g4 Nd6 25. Nfd2 Ne8 26. Nc5 Nf6 27. Bg2 c6 28. Nf3 Nh7 29. Ne5 Bf7 30. Nxf7+ Rxf7 31. Nxe6 Re8 32. d5 Bf6 33. Bxb6 Ng5 34. Qd2 cxd5 35. cxd5 Bc3 36. Nxg5 Bxd2 37. Nxf7+ Kg8 38. Rxe8+ Qxe8 39. Rxd2 Qe1+ 40. Kh2 Qxd2 41. d6 Kxf7 42. Bc5 b6 43. Bxb6 Qxd6+ 44. Kg1 Qxb6+ 45. Kf1 a5 46. Bf3 axb4 47. axb4 Qxb4 48. Kg2 Qc3 49. Kg3 Kf6 50. Kf4 Qe5# 0-1


[Site "https://www.chess.com"]

[Event "Titled Tuesday Blitz May 4 2021"]
[White "Nadeev, Sergey"]
[Black "Coelho, Ramyres Santana"]
[WhiteFideId "4180038"]
[BlackFideId "2120690"]
[WhiteElo "2369"]
[BlackElo "1888"]
[Result "1/2-1/2"]
[Round "06"]
[TimeControl "180+1"]
[Date "2021.05.04"]
[WhiteClock "0:02:44"]
[BlackClock "0:02:33"]

1. d4 Nf6 2. Bf4 Nh5 3. Bg5 h6 4. Bc1 g5 5. e4 Nf4 6. g3 Ng6 7. Bg2 Bg7 8. Ne2 c5 9. dxc5 Qa5+ 10. Nbc3 Qxc5 11. Be3 Qb4 12. Qd2 Qxb2 13. Rb1 Qa3 14. O-O a6 15. Nd5 1/2-1/2


[Site "https://www.chess.com"]

[Event "Titled Tuesday Blitz May 4 2021"]
[White "Najdin, Danil"]
[Black "katchesskat"]
[WhiteFideId "4172426"]
[WhiteElo "2193"]
[BlackElo "2281"]
[Result "0-1"]
[Round "06"]
[TimeControl "180+1"]
[Date "2021.05.04"]
[WhiteClock "0:00:01"]
[BlackClock "0:00:12"]

1. e4 c5 2. Nf3 e6 3. d4 cxd4 4. Nxd4 a6 5. Bd3 Qc7 6. Qe2 b5 7. a4 bxa4 8. O-O Bb7 9. Rxa4 Nf6 10. Nc3 h5 11. e5 Ng4 12. Bf4 Nc6 13. Nxc6 Qxc6 14. Be4 Qc7 15. Rfa1 Be7 16. Bxb7 Qxb7 17. b3 g5 18. Bd2 Qc7 19. Rxa6 Rxa6 20. Rxa6 Nxe5 21. Ra8+ Bd8 22. Bxg5 O-O 23. Bxd8 Qxc3 24. h3 Nc6 25. Qxh5 Qe1+ 26. Kh2 Qe5+ 27. Qxe5 Nxe5 28. b4 Nc6 29. b5 Nxd8 30. Ra7 e5 31. Rxd7 Ne6 32. b6 Rb8 33. Rd5 Rxb6 34. Rxe5 Rb2 35. Re2 Nd4 36. Rd2 Nxc2 37. h4 Ra2 38. Kg3 Nb4 39. Rd6 Kg7 40. f3 Ra3 41. Kh3 Nd3 42. Kg4 Ne5+ 43. Kf5 Ng6 44. h5 Ra5+ 45. Kg4 Ne5+ 46. Kg3 Nc4 47. Rd4 Ne3 48. Kf2 Nf5 49. Rb4 Ra2+ 50. Kg1 Ng3 51. Kh2 Nxh5 52. Rb5 Nf4 53. Kg3 Nxg2 54. Rb6 Ne3 55. Rb5 Nc4 56. Rc5 Nd6 57. Rc6 Nf5+ 58. Kf4 Nh6 59. Rb6 Ra4+ 60. Kg3 Ra5 61. Kf4 Nf5 62. Rc6 Nd4 63. Rb6 Ne6+ 64. Kg3 Kf6 65. Kf2 Kf5 66. Rb7 f6 67. Rb6 Ra2+ 68. Kg3 Ra3 69. Rb5+ Kg6 70. Rd5 Rb3 71. Kg4 Rc3 72. Ra5 Rc4+ 73. Kg3 Rc3 74. Kg4 Ng5 75. f4 Rc4 0-1


[Site "https://www.chess.com"]